AoeStats
← makeinu

Fortress

509271122Analyzed
4v4 RM · 7d ago on Sep 26, 2026· 17m 56s· 8 players
Game mode
Random Map
Map size
Huge
Population
200
Speed
Normal
Resources
Standard
Victory
Conquest
Starting age
Dark Age
Ending age
Imperial Age
RankedLock teamsTeams togetherTeam positionsShared explorationLock speedFull tech treeHidden civsTurbo modeCheats
Victory
Defeat
🇨🇳 Britons · China
1201
+12
🇯🇵 Vikings · Japan
1120
+15
🇰🇼 Varangians · Kuwait
1081
+17
🇹🇼 Slavs · Taiwan
1047
+17
🇲🇽 Franks · Mexico
1122
-16
🇫🇮 Burmese · Finland
1118
-16
🇺🇸 Magyars · United States
1097
-15
🇺🇸 Berbers · United States
1066
-14
TuckerFudPucker
8:22 Feudal Age
9:57 Wheelbarrow
9:08 Double-Bit Axe
9:04 Horse Collar
11:15 Loom
14:16 Castle Age
12:24 Stone Mining
16:12 Bow Saw
16:41 Fletching
miniRy
7:42 Feudal Age
10:30 Loom
13:25 Castle Age
11:25 Double-Bit Axe
15:34 Bow Saw
sengfan
8:40 Feudal Age
10:04 Double-Bit Axe
12:59 Castle Age
17:50 Bow Saw
Titan
7:50 Feudal Age
12:31 Castle Age
10:36 Loom
10:37 Town Watch
10:55 Horse Collar
makeinu
6:45 Feudal Age
11:14 Castle Age
9:40 Double-Bit Axe
9:38 Horse Collar
12:47 Bow Saw
16:20 Scale Mail Armor
18:10 Chain Mail Armor
bbu913
0:57 Loom
6:52 Feudal Age
11:13 Castle Age
10:08 Double-Bit Axe
10:07 Horse Collar
14:33 Bow Saw
smallpox04
8:33 Feudal Age
9:09 Double-Bit Axe
9:30 Horse Collar
13:00 Castle Age
10:53 Fletching
11:05 Gold Mining
13:43 Bodkin Arrow
15:41 Heavy Plow
Q8.Rasheed2
8:40 Feudal Age
12:38 Castle Age
10:29 Double-Bit Axe
11:29 Horse Collar
Connection lost

Rejoining the realm…

Still unreachable

The connection could not be restored.

Session expired

The server has moved on; the page needs a fresh start.